 Dungeon Crawl Stone Soup version 0.31-a0-691-g409c26aa35 (webtiles) character file.

Game seed: 18019471996077072927

74 Xavori the Cutter (level 4, -3/32 HPs)
             Began as an Octopode Chaos Knight on Sept 7, 2023.
             Was a Plaything of Xom.
             Killed from afar by an orc wizard (9 damage)
             ... with a magic dart
             ... on level 2 of the Dungeon.
             The game lasted 00:01:36 (8873 turns).

Xavori the Cutter (Octopode Chaos Knight)           Turns: 8873, Time: 00:01:37

Health: -3/32      AC:  1    Str: 11    XL:     4   Next: 30%
Magic:  4/4        EV: 18    Int: 14    God:    Xom [.*....]
Gold:   70         SH:  0    Dex: 13    Spells: 3/3 levels left

rFire   . . .        f - +2 dagger (vamp)
rCold   . . .        (no shield)
rNeg    . . .        (helmet restricted)
rPois   .            (no amulet)
rElec   .            d - +5 ring of evasion
rCorr   .            (no ring)
SInv    .            (no ring)
Will    .....        (no ring)
Stlth   ++           (no ring)
HPRegen 0.25/turn    (no ring)
MPRegen 0.09/turn    (no ring)
                     (no ring)

%: no passive effects
@: confused, hasted, very quick
A: almost no armour, amphibious, 8 rings, camouflage 1, gelatinous body 1,
(nimble swimmer 1), tentacles
a: Renounce Religion


You were on level 2 of the Dungeon.
You worshipped Xom.
You were a plaything of Xom.
You visited 1 branch of the dungeon, and saw 2 of its levels.

You collected 70 gold pieces.

Inventory:

Hand Weapons
 a - a +0 short sword of chaos
 f - a +2 vampiric dagger (weapon)
Jewellery
 d - a +5 ring of evasion (left tentacle)
Scrolls
 b - a scroll of butterflies
 c - a scroll of noise {unknown}
 g - a scroll of identify {unknown}
 h - a scroll of blinking {unknown}
Potions
 e - a potion of degeneration {unknown}
 j - a potion of magic {unknown}


   Skills:
 + Level 3.6 Fighting
 + Level 3.9 Short Blades
 + Level 2.7 Dodging
 + Level 2.2 Stealth


You had 3 spell levels left.
You didn't know any spells.
Your spell library contained the following spells:

 Spells                   Type           Power      Damage    Failure   Level
 Tukima's Dance           Hex            0%         N/A       65%         3
 Passage of Golubria      Tloc           0%         N/A       96%         4
 Yara's Violent Unravell  Hex/Tmut       0%         3d3       100%        5


Dungeon Overview and Level Annotations

Branches:
Dungeon (2/15)

Altars:


Innate Abilities, Weirdness & Mutations

You cannot wear most types of armour.
You are amphibious.
You can wear up to eight rings at the same time.
Your skin changes colour to match your surroundings (Stealth+).
Your rubbery body absorbs attacks. (AC +1, EV +1)
((You are camouflaged when in or above water. (Stealth+)))
You have tentacles for arms and can constrict up to eight enemies at once.


Message History

You constrict the orc priest, but do no damage.
The orc priest barely misses you.
You hit the orc priest.
You feel better.
The orc priest is heavily wounded.
You constrict the orc priest, but do no damage.
The orc priest hits you with a +0 flail.
* * * LOW HITPOINT WARNING * * *
Unknown command.
You hit the orc priest.
You feel better.
The orc priest is severely wounded.
You constrict the orc priest, but do no damage.
You hit the orc priest.
You feel better.
You squeeze the orc priest.
You kill the orc priest!
Your Stealth skill increases to level 2!
You have reached level 4!
It was a potion of haste.
You feel yourself speed up.
Xom roars with laughter!
The orc wizard casts a spell at you.
You are confused.
You closely miss the orc wizard. You squeeze the orc wizard!
The orc wizard is heavily wounded.
The orc wizard casts a spell at you. The puff of flame misses you.
You hit the orc wizard.
You feel better.
Your squeeze misses the orc wizard.
The orc wizard is severely wounded.
You miss the orc wizard. Your squeeze misses the orc wizard.
The orc wizard is severely wounded.
The orc wizard misses you.
You bump into the rock wall.
You closely miss the orc wizard. You squeeze the orc wizard.
The orc wizard is almost dead.
The orc wizard misses you.
The orc wizard attacks as it pursues you!
The orc wizard closely misses you.
You bump into the rock wall.
You barely miss the orc wizard.
The orc wizard is almost dead.
The orc wizard gestures at you while chanting.
The magic dart hits you!
You die...

############ ##........... #
#............ #####
#.#o#.......# ....#..
#o#.#...#.# .......
#o#.......# ....#
#@#.......# #####
#°#.......# .# # #)#.#...#.#
#.. # #.#.ooo...# ... #
#.##.....# ..g . ########
#.###ooo# #.##.# .......#
#..#######.g.... .......#
##...........#
.......#############....)!.#


You could see an orc wizard and 2 orcs.

Vanquished Creatures
  An orc priest (D:2)
  An adder (D:2)
  An orc (D:2)
  4 ball pythons
  2 endoplasms (D:1)
  2 giant cockroaches
  5 goblins
  7 hobgoblins
  4 jackals (D:1)
  4 kobolds
  A rat (D:1)
32 creatures vanquished.

Notes
Turn   | Place    | Note
-------+----------+-------------------------------------------
     0 | D:1      | Xavori the Octopode Chaos Knight began the quest for the
                  | Orb.
     0 | D:1      | Reached XP level 1. HP: 16/16 MP: 1/1
   139 | D:1      | Reached XP level 2. HP: 17/21 MP: 2/2
   513 | D:1      | Reached XP level 3. HP: 26/26 MP: 3/3
  1240 | D:1      | XOM: silly message
  1472 | D:1      | XOM is BORED!
  1668 | D:1      | XOM: divination: magic mapping
  3125 | D:1      | XOM: silly message
  3296 | D:1      | XOM: silly message
  3715 | D:1      | XOM: silly message
  4180 | D:1      | XOM: divination: magic mapping
  5221 | D:1      | XOM is BORED!
  5221 | D:1      | XOM: noise
  5799 | D:1      | XOM is BORED!
  5799 | D:1      | XOM: noise
  6805 | D:1      | XOM is BORED!
  6967 | D:1      | XOM: god gift: boomerang
  7016 | D:1      | XOM: silly message
  7672 | D:1      | XOM: god gift: javelin
  7694 | D:1      | XOM: divination: magic mapping
  7811 | D:1      | XOM: scenery: summon butterflies
  8707 | D:2      | Found a faded altar of an unknown god.
  8726 | D:2      | Reached skill level 1 in Stealth
  8860 | D:2      | XOM: smoke on damage
  8862 | D:2      | HP: 1/26 [orc priest/+0 flail (3)]
  8865 | D:2      | Reached XP level 4. HP: 4/32 MP: 4/4
  8873 | D:2      | Killed from afar by an orc wizard

Illustrated notes

Levels and vault maps discovered:
D:1:      dpeg_arrival_concentric_ovals, layout_loops_ring
D:2:      cheibrodos_pilgrimage, layout_basic, nicolae_ecumenical_snake_handling

Skill      XL: |  1  2  3 |
---------------+----------+-----
Stealth        | 2 |  2.2
Fighting       | |  3.6
Short Blades   | |  3.9
Dodging        | |  2.7

Action                     |  1- 3 |  4- 6 || total
---------------------------+-------+-------++-------
  Melee: Short sword       |    21 |       ||    21
         Constrict         |    20 |       ||    20
         Tentacles         |    12 |     2 ||    14
         Dagger            |    47 |     5 ||    52
    Use: Potion            |       |     1 ||     1
   Stab: Sleeping          |     5 |       ||     5
 Armour: Skin              |    14 |     1 ||    15
  Dodge: Dodged            |    37 |     4 ||    41

Table legend: (Time is in decaauts)
 A = Elapsed time spent in this place.
 B = Non-inter-level travel time spent in this place.
 C = Inter-level travel time spent in this place.
 D = Time resting spent in this place.
 E = Time spent auto-exploring this place.
 F = Levels seen in this place.
 G = Mean time per level.
                   A        B        C        D        E       F      G
               +--------+--------+--------+--------+--------+-----+--------+
         Total |   8858 |   8847 |     11 |   7879 |    720 |   2 | 4429.0 |
       Dungeon |   8858 |   8847 |     11 |   7879 |    720 |   2 | 4429.0 |
               +--------+--------+--------+--------+--------+-----+--------+

Top non-repeatable levels by time:
     D:1: 8600 daAuts
     D:2: 258 daAuts
